 Dungeon Crawl Stone Soup version 0.27.0-1-g7a089689b8 (webtiles) character file.

Game seed: 8841223933634572858

7529 ABBCCCDDDD the Basher (level 10, 0/124 HPs)
             Began as a Demonspawn Necromancer on Aug 16, 2021.
             Was an Initiate of Gozag.
             Slain by a spatial maelstrom (1 damage)
             ... on level 2 of the Abyss.
             The game lasted 00:42:38 (13990 turns).

ABBCCCDDDD the Basher (Demonspawn Necromancer)     Turns: 13990, Time: 00:42:39

Health: 0/124      AC: 25    Str: 11    XL:     10   Next: 96%
Magic:  16/16      EV:  2    Int: 16    God:    Gozag
Gold:   996        SH:  6    Dex: 21    Spells: 11/17 levels left

rFire    . . .     SeeInvis .   a - +2 flail (vorpal)
rCold    . . .     Faith    .   t - +0 buckler
rNeg     + + +     Spirit   .   (armour currently unavailable)
rPois    +         Reflect  .   (helmet unavailable)
rElec    .         Harm     .   (cloak currently unavailable)
rCorr    .         Rampage  .   (gloves currently unavailable)
Will     .....     NoTele   +   (boots currently unavailable)
Stlth    +++.......             (no amulet)
HPRegen  0.30/turn              f - +6 ring of dexterity
MPRegen  0.30/turn              (no ring)

@: mighty, tree-form, weak-willed, gold aura
A: stationary, stasis, torment immunity, boosted hp, (horns 3), (yellow scales
1), magic regeneration, demonic magic 1, (fire resistance 1), (electricity
resistance)
a: Renounce Religion, Potion Petition, Call Merchant, Bribe Branch


You were on level 2 of the Abyss.
You worshipped Gozag.
Gozag was pleased with you.
You were a tree.
You visited 2 branches of the dungeon, and saw 11 of its levels.
You visited the Abyss 1 time.

You collected 1223 gold pieces.
You spent 175 gold pieces at shops.
You paid 52 gold pieces to Gozag.

Inventory:

Hand Weapons
 a - a +2 vorpal flail (weapon)
 B - a +2 dagger of venom
 C - a +2 dagger of electrocution
 L - a +2 vorpal morningstar
Missiles
 p - 4 atropa-tipped darts
 u - 12 poisoned darts (quivered)
 w - a throwing net
Armour
 c - a +3 leather armour of cold resistance (melded)
 h - a +0 pair of boots (melded)
 k - a +0 chain mail
 t - a +0 buckler (worn)
 F - a scarf of resistance (melded)
Magical Staves
 q - a staff of poison
Jewellery
 d - a +4 ring of protection
 f - a +6 ring of dexterity (left branch)
 J - a ring of fire
 P - a ring of flight
Wands
 j - a wand of flame (23)
 H - a wand of digging (4)
Scrolls
 b - a scroll of immolation
 l - 2 scrolls of enchant armour
 o - a scroll of fear {unknown}
 s - a scroll of holy word
 v - a scroll of vulnerability
 y - a scroll of blinking
 D - a scroll of silence {unknown}
 K - 2 scrolls of enchant weapon
Potions
 g - a potion of might
 r - 3 potions of curing
 z - 3 potions of flight
 A - 3 potions of mutation
 E - a potion of ambrosia {unknown}
 G - 2 potions of brilliance {unknown}
 N - a potion of haste
 O - a potion of magic {unknown}


   Skills:
 - Level 9.0 Fighting
 - Level 9.7 Maces & Flails
 - Level 3.3 Dodging
 + Level 4.5 Stealth
 - Level 4.0 Shields
 - Level 4.0 Spellcasting
 - Level 5.1 Hexes
 - Level 4.3 Necromancy


You had 11 spell levels left.
You knew the following spells:

 Your Spells              Type           Power      Damage    Failure   Level
a - Pain                  Necr           68%        1d7       2%          1
b - Slow                  Hex            19%        N/A       3%          2
c - Confusing Touch       Hex            19%        N/A       6%          3

Your spell library contained the following spells:

 Spells                   Type           Power      Damage    Failure   Level
 Animate Skeleton         Necr           34%        N/A       2%          1
 Sublimation of Blood     Necr           8%         N/A       4%          2
 Vampiric Draining        Necr           8%         2d7       9%          3
 Freeze                   Ice            12%        1d4       17%         1
 Summon Small Mammal      Summ           12%        N/A       17%         1
 Summon Guardian Golem    Hex/Summ       11%        N/A       19%         3
 Animate Dead             Necr           8%         N/A       28%         4
 Call Canine Familiar     Summ           3%         N/A       45%         3
 Frozen Ramparts          Ice            6%         1d2       45%         3
 Agony                    Necr           17%        N/A       61%         5
 Hailstorm                Conj/Ice       3%         3d3       86%         4
 Petrify                  Tmut/Erth      3%         N/A       86%         4
 Yara's Violent Unravell  Hex/Tmut       5%         3d4       86%         5
 Irradiate                Conj/Tmut      1%         3d14      99%         5


Dungeon Overview and Level Annotations

Branches:
Dungeon (10/15)            Temple (1/1) D:5
   Lair: D:8-11         Orc: D:9-12

Altars:
Ashenzari
Cheibriados
Dithmenos
Elyvilon
Fedhas
Gozag
Hepliaklqana
Makhleb
Nemelex Xobeh
Okawaru
Qazlal
Ru
Sif Muna
Trog
Uskayaw
Vehumet
Wu Jian
Yredelemnul
The Shining One

Shops:
D:4 *   D:6 [

Annotations:
D:2 Ijyb
D:5 3 runed translucent doors, Nordron's ghost, amateur KoEn
D:9 1 runed translucent door, exclusion: obsidian statue, barakagiga's ghost, novice DEFE


Innate Abilities, Weirdness & Mutations

You are a tree.
Your roots penetrate the ground, keeping you stationary.
You cannot be teleported.
You are immune to unholy pain and torment.
Your maximum health is greatly increased.
Your equipment is partially melded.
((You have a pair of large horns on your head.))
((You are partially covered in yellow scales. (AC +2)))
You regenerate magic rapidly.
Spells you cast may paralyse adjacent enemies.
((Your flesh is heat resistant. (rF+)))
((You are resistant to electric shocks. (rElec)))


Message History

A large abomination comes into view.
You sock the raiju!
The raiju is almost dead.
The spatial maelstrom hits you but does no damage.
The spatial maelstrom hits you!
* * * LOW HITPOINT WARNING * * *
Space warps horribly around you!!
* * * LOW HITPOINT WARNING * * *
The raiju bites you but does no damage. x2
You feel much better. The raiju bites you but does no damage.
The raiju bursts into living lightning!
The living lightning hits you.
* * * LOW HITPOINT WARNING * * *
The raiju blinks!
A spatial vortex comes into view.
Okay, then.
Okay, then.
Okay, then.
As you read the scroll labelled DYOHAL LILOSO, it crumbles to dust.
Magic quickly surges around you.
It was a scroll of vulnerability.
You block the spatial maelstrom's attack.
The spatial maelstrom hits you but does no damage.
The raiju bursts into living lightning!
The living lightning hits you!!
* * * LOW HITPOINT WARNING * * *
The raiju blinks!
As you read the scroll labelled OPHYTELONIO, it crumbles to dust.
It is a scroll of amnesia.
Really abort (and waste the scroll)?
Okay, then.
A spatial vortex comes into view. x2
The raiju bursts into living lightning!
The living lightning hits you.
* * * LOW HITPOINT WARNING * * *
The raiju blinks!
As you read the scroll labelled VEN DOPISKUSIL, it crumbles to dust.
You cannot blink because you are held in place by your roots.
It was a scroll of blinking.
The spatial maelstrom hits you.
You die...
Your body crumbles into a pile of gold.

## . # .. .## .
. . .. .. . #
.#.# ### . ##
vv!..## ... #
#....##. .v# .
.#
...h#Xv##..#.##
##.
......v♣$#..h.#
######hv#####..
# . # ## #### .
# . # # # . .
#..


You could see a spatial maelstrom, 3 spatial vortices, a large abomination
(weak-willed) and 2 raiju.

Levels and vault maps discovered:
D:1:      lightli_arrival_maybe_door_vault, layout_loops_ring,
          dreamdust_ecumenical_altar_statues, minmay_misc_feat_room,
          minmay_hedge_maze, minmay_misc_feat_secret_circle
D:2:      layout_rooms
D:3:      layout_loops_ring, uniq_jessica, uniq_ijyb
D:4:      layout_cave_pools, serial_shops, shop, minmay_goblin_kobold_house
D:5:      minmay_general_purpose_star, layout_rooms,
          cheibrodos_ashenzari_chains, minmay_temple_entry_gardened_gates,
          gammafunk_ghost_nasty_kobolds, hangedman_abyss_or_decor_stabs,
          ebering_dispersal_statue_hall, minmay_fractal_squares_gapless_5,
          uniq_sigmund
D:6:      layout_basic, serial_shops, shop_statue
D:7:      layout_cave_pools, amethyst_overflow_temple_binary, enter_bailey_4
D:8:      layout_basic, worldfamousw_hep_ancestral_shrine,
          grunt_qazlal_sundering, minmay_diced_spiral
D:9:      layout_basic, ebering_ghost_reflecting_pool, minivault_16,
          minivault_24, wad_mini_maze
D:10:     layout_cave_pods, mainiacjoe_overflow_boulevard,
          muffindrake_ghost_dual_entry, serial_shops, shop,
          bh_hangedman_babel_library, uniq_maurice
Temple:   nicolae_temple_elliptical
Abyss:2:  base: D:10, evilmike_abyss_exit_glass, hangedman_abyss_mock_shop,
          evilmike_abyss_exit_chaos

Notes
Turn   | Place    | Note
-------+----------+-------------------------------------------
     0 | D:1      | ABBCCCDDDD the Demonspawn Necromancer began the quest for
                  | the Orb.
     0 | D:1      | Reached XP level 1. HP: 13/13 MP: 3/3
   494 | D:1      | Gained mutation: Spells you cast may paralyse adjacent
                  | enemies. [demonic ancestry]
   494 | D:1      | Reached XP level 2. HP: 17/20 MP: 1/5
   753 | D:1      | Reached skill level 1 in Fighting
  1251 | D:1      | Found a faded altar of an unknown god.
  1298 | D:1      | Gained mutation: You have a pair of small horns on your
                  | head. [demonic ancestry]
  1298 | D:1      | Reached XP level 3. HP: 22/26 MP: 6/6
  1544 | D:2      | Reached skill level 1 in Maces & Flails
  1637 | D:2      | Learned a level 2 spell: Slow
  1646 | D:2      | ABBCCCDDDD: ??polytheist abbcccdddd
  1646 | D:2      | beem: I don't have a page labeled polytheist_abbcccdddd in
                  | my learndb.
  1646 | D:2      | ABBCCCDDDD: !polytheist abbcccdddd
  1728 | D:2      | beem: Unwon gods for abbcccdddd: Elyvilon, Jiyva, Wu Jian,
                  | Zin
  1985 | D:2      | Gained mutation: You have a pair of horns on your head.
                  | [demonic ancestry]
  1985 | D:2      | Reached XP level 4. HP: 31/32 MP: 5/7
  2439 | D:3      | Noticed Ijyb
  2664 | D:3      | Noticed Jessica
  2671 | D:3      | Killed Jessica
  2672 | D:3      | Reached skill level 1 in Hexes
  3440 | D:3      | Gained mutation: You regenerate magic rapidly. [demonic
                  | ancestry]
  3440 | D:3      | Reached XP level 5. HP: 29/38 MP: 2/8
  3981 | D:4      | Reached XP level 6. HP: 40/46 MP: 9/9
  4109 | D:4      | Found Qitwut's Assorted Antiques.
  4130 | D:4      | Bought a scroll labelled OPHYTELONIO for 29 gold pieces
  4130 | D:4      | Bought a scroll labelled VEN DOPISKUSIL for 29 gold pieces
  4510 | D:5      | Entered Level 5 of the Dungeon
  4510 | D:5      | Found a runed translucent gate.
  4510 | D:5      | Noticed Nordron's ghost (amateur KoEn)
  4513 | D:5      | Found a runed translucent gate.
  4513 | D:5      | Found a runed translucent gate.
  4523 | D:5      | Noticed Sigmund
  4811 | D:5      | Found a staircase to the Ecumenical Temple.
  4819 | Temple   | Entered the Ecumenical Temple
  4926 | Temple   | Became a worshipper of Gozag Ym Sagoz the Greedy
  4996 | D:5      | Found a broken altar of Ashenzari.
  5130 | D:5      | Gained mutation: You have a pair of large horns on your
                  | head. [demonic ancestry]
  5130 | D:5      | Reached XP level 7. HP: 43/52 MP: 3/10
  5747 | D:5      | Identified the +1 leather armour of Elitism {rF+}
  5761 | D:5      | Killed Sigmund
  6004 | D:6      | Reached skill level 5 in Hexes
  6303 | D:6      | Reached XP level 8. HP: 57/58 MP: 12/14
  6353 | D:6      | Found Ehiecec's Antique Armour Emporium.
  6392 | D:6      | Bought a buckler for 117 gold pieces
  6703 | D:6      | Reached skill level 1 in Shields
  7203 | D:7      | Noticed a cyclops
  7212 | D:7      | Found a radiant altar of Vehumet.
  7219 | D:7      | Found an ornate altar of the Wu Jian Council.
  8265 | D:8      | Gained mutation: You are partially covered in yellow
                  | scales. (AC +2) [demonic ancestry]
  8265 | D:8      | Reached XP level 9. HP: 47/64 MP: 15/15
  8809 | D:8      | Reached skill level 5 in Fighting
  8809 | D:8      | Reached skill level 5 in Maces & Flails
  9243 | D:8      | Found a stormy altar of Qazlal.
 10377 | D:8      | Found a hazy altar of Hepliaklqana.
 11122 | D:9      | Noticed a two-headed ogre
 11172 | D:9      | Killed a two-headed ogre
 11177 | D:9      | Reached XP level 10. HP: 72/79 MP: 14/16
 11281 | D:9      | Noticed a two-headed ogre
 11305 | D:9      | Killed a two-headed ogre
 11513 | D:9      | Noticed an obsidian statue
 12109 | D:9      | Noticed a catoblepas
 12130 | D:9      | Noticed a purple ugly thing
 12144 | D:9      | Killed a purple ugly thing
 12304 | D:9      | Noticed a tengu warrior
 12717 | D:9      | Killed a tengu warrior
 13163 | D:9      | Found a runed translucent door.
 13164 | D:9      | Noticed barakagiga's ghost (novice DEFE)
 13700 | D:10     | Entered Level 10 of the Dungeon
 13703 | D:10     | Noticed a wizard
 13704 | D:10     | Noticed a deep elf pyromancer
 13712 | D:10     | Learned a level 3 spell: Confusing Touch
 13723 | D:10     | Cast into level 2 of the Abyss (a wizard)
 13779 | Abyss:2  | Noticed a smoke demon
 13810 | Abyss:2  | Noticed a large abomination
 13812 | Abyss:2  | Noticed a large abomination
 13827 | Abyss:2  | Gained mutation: You are resistant to electric shocks.
                  | (rElec) [potion of mutation]
 13827 | Abyss:2  | Gained mutation: Your flesh is heat resistant. (rF+)
                  | [potion of mutation]
 13860 | Abyss:2  | Noticed a tentacled starspawn
 13975 | Abyss:2  | Noticed a large abomination
 13982 | Abyss:2  | Noticed a spatial maelstrom
 13984 | Abyss:2  | Killed a large abomination
 13988 | Abyss:2  | HP: 6/124 [raiju/living lightning (20)]
 13989 | Abyss:2  | HP: 1/124 [raiju/living lightning (6)]
 13990 | Abyss:2  | Slain by a spatial maelstrom

Table legend: (Time is in decaauts)
 A = Elapsed time spent in this place.
 B = Non-inter-level travel time spent in this place.
 C = Inter-level travel time spent in this place.
 D = Time resting spent in this place.
 E = Time spent auto-exploring this place.
 F = Levels seen in this place.
 G = Mean time per level.
                   A        B        C        D        E       F      G
               +--------+--------+--------+--------+--------+-----+--------+
         Total |  13938 |  13510 |    428 |   5084 |   4955 |  12 | 1161.5 |
       Dungeon |  13571 |  13151 |    420 |   5029 |   4852 |  10 | 1357.1 |
        Temple |    116 |    108 |      8 |      0 |    103 |   1 |  116.0 |
         Abyss |    249 |    249 |      0 |     55 |      0 |   1 |  249.0 |
               +--------+--------+--------+--------+--------+-----+--------+

Top non-repeatable levels by time:
     D:9: 2797 daAuts
     D:8: 2575 daAuts
     D:1: 1628 daAuts
     D:5: 1421 daAuts
     D:3: 1209 daAuts
     D:6: 1101 daAuts
     D:7: 1028 daAuts
     D:2: 909 daAuts
     D:4: 877 daAuts
 Abyss:2: 249 daAuts
  Temple: 116 daAuts
    D:10: 21 daAuts

Table legend:
 A = Kills in this place as a percentage of kills in entire the game.
 B = Kills by you in this place as a percentage of kills by you in the entire game.
 C = Kills by friends in this place as a percentage of kills by friends in the entire game.
 D = Other kills in this place as a percentage of other kills in the entire game.
 E = Experience gained in this place as a percentage of experience gained in the entire game.
 F = Experience gained in this place divided by the number of levels of this place that you have seen.
                   A       B       C       D       E      F
               +-------+-------+-------+-------+-------+----------------------
         Total | 100.0 | 100.0 |   N/A | 100.0 | 100.0 | 896.4
       Dungeon |  99.0 |  99.0 |   N/A | 100.0 |  92.9 | 999.1
         Abyss |   1.0 |   1.0 |   N/A |   0.0 |   7.1 | 766.0
               +-------+-------+-------+-------+-------+----------------------

Action                   |  1- 3 |  4- 6 |  7- 9 | 10-12 || total
-------------------------+-------+-------+-------+-------++-------
Melee: Unarmed           |     1 |       |       |       ||     1
       Whip              |    16 |    93 |   320 |    10 ||   439
       Headbutt          |     2 |    17 |    77 |    38 ||   134
       Flail             |       |       |       |   143 ||   143
Throw: Dart              |       |       |     5 |     1 ||     6
 Cast: Pain              |    68 |    78 |    56 |     6 ||   208
       Slow              |       |       |    23 |    22 ||    45
Evoke: Wand              |       |       |     9 |     9 ||    18
  Use: Scroll            |       |     4 |     5 |     7 ||    16
       Potion            |       |       |     1 |     9 ||    10
 Stab: Sleeping          |     1 |     1 |     3 |       ||     5
       Paralysed         |     3 |    10 |    19 |     8 ||    40
Armor: Robe              |     9 |       |       |       ||     9
       Ring mail         |       |    34 |     6 |       ||    40
       Leather armour    |       |       |    72 |    30 ||   102
       Skin              |       |       |       |    12 ||    12
Dodge: Dodged            |    14 |    55 |   145 |    82 ||   296
Block: Buckler           |       |       |    49 |    50 ||    99

Vanquished Creatures
  2 two-headed ogres (D:9)
  A tengu warrior (D:9)
  An ugly thing (D:9)
  A large abomination (Abyss:2)
  A raiju (Abyss:2)
  Sigmund (D:5)
  7 yaks
  A steam dragon (D:8)
  3 water moccasins
  A sky beast (D:8)
  2 orc warriors (D:8)
  2 necrophages
  An ogre (D:6)
  6 centaurs
  A phantom (D:5)
  2 kobold brigands (D:9)
  A bullfrog (D:6)
  A gnoll sergeant (D:9)
  A scorpion (D:6)
  13 wights
  4 killer bees
  3 howler monkeys
  3 centaur zombies
  An orc priest (D:8)
  A hound (D:5)
  2 jellies
  5 bullfrog skeletons
  A centaur skeleton (D:5)
  A gnoll shaman (D:8)
  Jessica (D:3)
  5 orc wizards
  A hound zombie (D:5)
  2 hound skeletons (D:4)
  A howler monkey zombie (D:9)
  A howler monkey skeleton (D:6)
  9 gnolls
  6 adders
  A shadow imp (D:7)
  A white imp (D:8)
  An adder skeleton (D:4)
  3 dart slugs
  21 orcs
  7 bats
  3 endoplasms
  3 giant cockroaches
  5 hobgoblins
  9 jackals
  24 kobolds
  5 quokkas
  7 ball pythons
  2 frilled lizards
  9 goblins
  7 rats
204 creatures vanquished.

Vanquished Creatures (others)
  A kobold brigand (D:8)
  2 kobolds (D:8)
  3 fungi (D:5)
  A plant (D:5)
  3 starspawn tentacles (Abyss:2)
10 creatures vanquished.

Grand Total: 214 creatures vanquished
